[Event "NED-chT Meesterklasse 2018-19"]
[Site "Netherlands"]
[Date "2018.09.15"]
[Round "1"]
[White "Van Delft, Merijn"]
[Black "Ootes, Lars"]
[Result "0-1"]
[ECO "B07"]
[WhiteElo "2386"]
[BlackElo "2374"]
[Annotator "NA"]
[PlyCount "62"]
[EventDate "2018.09.15"]
[EventType "team-tourn"]
[EventCountry "NED"]
[SourceTitle "playchess.com"]
[Source "ChessBase"]
[SourceQuality "1"]
[TimeControl "40/5400+30:1800+30"]

1. e4 d6 2. d4 Nf6 3. Nc3 g6 4. Be3 a6 5. Qd2 b5 6. f3 Nbd7 7. O-O-O Bb7 8. Kb1 c6 9. g4 Nb6 10. Qf2 b4 11. Nce2 Bg7 12. h4 h5 13. gxh5 Nxh5 14. Nh3 d5 15. Ng5 Nc4 16. Bc1 Qb6 17. Rh2 a5 18. e5 Bc8 19. f4 Bf5 20. Bh3 Na3+ 21. bxa3 Rb8 22. Ka1 Bxc2 23. Nc3 Bxd1 24. Nxd1 bxa3 25. Nc3 Qb4 26. Qc2 O-O 27. Bg4 Rb7 28. Bxh5 Rfb8 29. Bxg6 fxg6 30. Ne6 Qxc3+ 31. Qxc3 Rb1# 0-1

[Event "NED-chT Meesterklasse 2018-19"]
[Site "Netherlands"]
[Date "2018.09.15"]
[Round "1"]
[White "Kabatianski, Alexander"]
[Black "Van der Heijden, Ton"]
[Result "1-0"]
[ECO "D77"]
[WhiteElo "2371"]
[BlackElo "2308"]
[Annotator "NA"]
[PlyCount "77"]
[EventDate "2018.09.15"]
[EventType "team-tourn"]
[EventCountry "NED"]
[SourceTitle "playchess.com"]
[Source "ChessBase"]
[SourceQuality "1"]
[TimeControl "40/5400+30:1800+30"]

1. d4 Nf6 2. Nf3 g6 3. g3 Bg7 4. Bg2 O-O 5. O-O d5 6. c4 dxc4 7. Na3 Nc6 8. Nxc4 Be6 9. b3 Bd5 10. Bb2 a5 11. Ne3 Be4 12. a3 Qc8 13. Nc4 Rd8 14. e3 Qf5 15. Rc1 g5 16. Ncd2 Bd5 17. Re1 Ne4 18. Qe2 Nxd2 19. Nxd2 Bxg2 20. Kxg2 Qd5+ 21. Kg1 e5 22. e4 Qd7 23. d5 Nd4 24. Bxd4 exd4 25. Qd3 Ra6 26. Nf3 h6 27. Nxd4 Bxd4 28. Qxd4 c6 29. Red1 cxd5 30. Rc5 Re8 31. exd5 Rd6 32. a4 b6 33. Rc3 Rxd5 34. Qxd5 Re1+ 35. Kg2 Rxd1 36. Qxd7 Rxd7 37. Rc6 b5 38. axb5 Rd3 39. b4 1-0

[Event "NED-chT Meesterklasse 2018-19"]
[Site "Netherlands"]
[Date "2018.09.15"]
[Round "1"]
[White "De Groote, Ewoud"]
[Black "Van de Oudeweetering, Arthur"]
[Result "1-0"]
[ECO "C84"]
[WhiteElo "2282"]
[BlackElo "2297"]
[Annotator "NA"]
[PlyCount "123"]
[EventDate "2018.09.15"]
[EventType "team-tourn"]
[EventCountry "NED"]
[SourceTitle "playchess.com"]
[Source "ChessBase"]
[SourceQuality "1"]
[TimeControl "40/5400+30:1800+30"]

1. e4 e5 2. Nf3 Nc6 3. Bb5 a6 4. Ba4 Nf6 5. d3 b5 6. Bb3 Be7 7. O-O Bb7 8. Nc3 O-O 9. a3 Nd4 10. Ba2 Nxf3+ 11. Qxf3 d6 12. h3 Qd7 13. Bd2 Rad8 14. Qg3 Nh5 15. Qg4 Qxg4 16. hxg4 Nf4 17. g3 Ne6 18. Be3 c6 19. f4 Rd7 20. Rae1 h6 21. Ne2 Kh7 22. Kh2 Bf6 23. c3 c5 24. Bb1 Kg8 25. Ng1 Bd8 26. Nf3 Bf6 27. Bc1 Rc8 28. Bd2 c4 29. g5 hxg5 30. fxg5 Be7 31. d4 g6 32. Re2 Rdc7 33. Ref2 Rf8 34. Kg2 Kg7 35. d5 Nc5 36. Be3 Bd8 37. Nd4 Rh8 38. g4 exd4 39. Bxd4+ f6 40. gxf6+ Kf7 41. g5 Rh5 42. Be3 Kf8 43. Bf4 Rd7 44. Rh1 Kf7 45. Rxh5 gxh5 46. Rf3 Nd3 47. Rxd3 cxd3 48. Bxd3 Bxf6 49. gxf6 Kxf6 50. Kf3 Rd8 51. Ke3 h4 52. Kd4 h3 53. Bxd6 Rh8 54. Bh2 Rh4 55. b3 Rg4 56. Bf1 a5 57. Bxh3 Rh4 58. Be5+ Ke7 59. Bf5 Rh6 60. Kc5 b4 61. cxb4 axb4 62. a4 1-0

[Event "NED-chT Meesterklasse 2018-19"]
[Site "Netherlands"]
[Date "2018.09.15"]
[Round "1"]
[White "Lammens, Tim"]
[Black "Grafl, Florian"]
[Result "1/2-1/2"]
[ECO "B06"]
[WhiteElo "2279"]
[BlackElo "2347"]
[Annotator "NA"]
[PlyCount "83"]
[EventDate "2018.09.15"]
[EventType "team-tourn"]
[EventCountry "NED"]
[SourceTitle "playchess.com"]
[Source "ChessBase"]
[SourceQuality "1"]
[TimeControl "40/5400+30:1800+30"]

1. Nf3 g6 2. e4 Bg7 3. d4 d6 4. Bc4 e6 5. Bb3 Ne7 6. O-O O-O 7. Re1 h6 8. Nbd2 b6 9. Nf1 Bb7 10. Ng3 c5 11. c3 Nbc6 12. h4 cxd4 13. cxd4 e5 14. h5 Kh7 15. dxe5 dxe5 16. Qe2 Qc8 17. Bc4 a6 18. Be3 Nd4 19. Nxd4 exd4 20. Bf4 b5 21. Bb3 Qd7 22. Rac1 Bc6 23. e5 Bd5 24. Rcd1 Bxb3 25. axb3 Rad8 26. Qd3 Qg4 27. Re4 Qe6 28. Ne2 Nc6 29. Nxd4 Nxd4 30. Rxd4 Rxd4 31. Qxd4 Qxb3 32. Rd3 Qe6 33. Qe3 g5 34. Bg3 Re8 35. Rd6 Qf5 36. Rxa6 Bxe5 37. Qb6 Re6 38. Qxb5 Qb1+ 39. Kh2 Bxg3+ 40. Kxg3 Rxa6 41. Qxa6 Qxb2 42. Qd3+ 1/2-1/2

[Event "NED-chT Meesterklasse 2018-19"]
[Site "Netherlands"]
[Date "2018.09.15"]
[Round "1"]
[White "Van der Poel, Henk"]
[Black "Zwirs, Nico"]
[Result "0-1"]
[ECO "B51"]
[WhiteElo "2230"]
[BlackElo "2407"]
[Annotator "ChessBase"]
[PlyCount "92"]
[EventDate "2018.09.15"]
[EventType "team-tourn"]
[EventCountry "NED"]
[SourceTitle "playchess.com"]
[Source "ChessBase"]
[SourceQuality "1"]
[TimeControl "40/5400+30:1800+30"]

1. e4 c5 2. Nf3 Nc6 3. Bb5 d6 4. O-O Bd7 5. Re1 Nf6 6. c3 a6 7. Bf1 Bg4 8. h3 Bxf3 9. Qxf3 g6 10. d3 Bg7 11. Nd2 O-O 12. Qe2 b5 13. Nf3 Nd7 14. g3 Nb6 15. Bg2 Rb8 16. Be3 Na4 17. d4 Qb6 18. dxc5 dxc5 19. Qc2 Qa5 20. a3 Rfc8 21. h4 Qc7 22. Rad1 c4 23. Rd2 Ne5 24. Nxe5 Bxe5 25. h5 Rd8 26. hxg6 hxg6 27. Red1 Rxd2 28. Rxd2 Rd8 29. Rxd8+ Qxd8 30. Bf1 Qc7 31. Qd2 a5 32. Be2 b4 33. axb4 axb4 34. cxb4 Nxb2 35. Bc5 Nd3 36. Bxd3 Qd7 37. Be3 cxd3 38. f4 Ba1 39. Kf2 e5 40. Ke1 Qb5 41. Kf2 Qc4 42. Qc1 Qa2+ 43. Bd2 Bb2 44. Qc8+ Kg7 45. Ke3 Qb1 46. Qd7 Bd4+ 0-1